 Dungeon Crawl Stone Soup version 0.29.0-10-g45618ea6d2 (webtiles) character file.

Game seed: 12296941989300449665

73 iguanaiguana the Stinger (level 4, -1/24 HPs)
             Began as a Gargoyle Venom Mage on Sept 2, 2022.
             Slain by an iguana (11 damage)
             ... on level 4 of the Dungeon.
             The game lasted 00:05:52 (3517 turns).

iguanaiguana the Stinger (Gargoyle Venom Mage)      Turns: 3517, Time: 00:05:52

Health: -1/24      AC:  5    Str: 11    XL:     4   Next: 27%
Magic:  1/7        EV: 12    Int: 18    God:
Gold:   208        SH:  0    Dex: 16    Spells: 4/7 levels left

rFire   . . .      SeeInvis .   p - +0 lajatang
rCold   . . .      Faith    .   (shield currently unavailable)
rNeg    + . .      Spirit   .   a - +0 robe
rPois   ∞          Reflect  .   (no helmet)
rElec   +          Harm     .   (no cloak)
rCorr   .          Rampage  .   (no gloves)
Will    .....                   (no boots)
Stlth   ++........              (no amulet)
HPRegen 0.08/turn               m - +6 ring of dexterity
MPRegen 0.10/turn               (no ring)

@: no status effects
A: sickness immunity, AC +3, negative energy resistance 1, electricity
resistance, torment resistance 1, petrification resistance
a: no special abilities


You were on level 4 of the Dungeon.
You visited 1 branch of the dungeon, and saw 4 of its levels.

You collected 208 gold pieces.

Inventory:

Hand Weapons
 n - a +0 short sword
 p - a +0 lajatang (weapon)
Armour
 a - a +0 robe (worn)
Jewellery
 m - a +6 ring of dexterity (left hand)
 q - an amulet of faith
Scrolls
 d - 3 scrolls of teleportation {unknown}
 e - 4 scrolls of identify {unknown}
 g - 2 scrolls of noise {unknown}
Potions
 b - a potion of magic
 c - a potion of ambrosia {unknown}
 f - a potion of curing {unknown}
 h - a potion of might {unknown}
 i - a potion of lignification {unknown}
 j - a potion of flight {unknown}
 k - a potion of berserk rage {unknown}
 l - a potion of cancellation {unknown}
 o - a potion of attraction {unknown}


   Skills:
 - Level 1.5 Dodging
 - Level 2.1 Stealth
 - Level 2.0 Spellcasting
 - Level 0.7 Transmutations
 + Level 0.2 Air Magic
 - Level 4.9 Poison Magic


You had 4 spell levels left.
You knew the following spells:

 Your Spells              Type           Power      Damage    Failure   Level
a - Sting                 Tmut/Pois      48%        1d5       5%          1
b - Poisonous Vapours     Pois/Air       22%        N/A       10%         2

Your spell library contained the following spells:

 Spells                   Type           Power      Damage    Failure   Level
 Olgreb's Toxic Radiance  Pois           19%        N/A       24%         4
 Mephitic Cloud           Conj/Pois/Air  8%         N/A       26%         3
 Inner Flame              Hex/Fire       1%         N/A       47%         3
 Portal Projectile        Hex/Tloc       2%         N/A       47%         3
 Tukima's Dance           Hex            1%         N/A       47%         3
 Cause Fear               Hex            0%         N/A       87%         4
 Blade Hands              Tmut           2%         N/A       98%         5
 Discord                  Hex            0%         N/A       100%        8


Dungeon Overview and Level Annotations

Branches:
Dungeon (4/15) Zot: 20474
 Temple: D:4-7

Altars:

Annotations:
D:3 exclusion: 2 downstairs
D:4 Menkaure, Pikel


Innate Abilities, Weirdness & Mutations

You are immune to sickness and miasma.
Your stone body is resilient. (AC +3)
You are immune to poison.
You resist negative energy. (rN+)
You are resistant to electric shocks. (rElec)
You are resistant to unholy torment.
You are immune to petrification.


Message History

Confirm with . or Enter, or press ? or * to list all spells.
Aiming: Sting (safe; 5% risk of failure)
Press: ? - help, Shift-Dir - straight line, f/p - iguana
Aim: an iguana (lightly wounded, poisoned, 75% to hit)
The sting misses the iguana.
Casting: Sting (safe; 5% risk of failure)
Confirm with . or Enter, or press ? or * to list all spells.
Aiming: Sting (safe; 5% risk of failure)
Press: ? - help, Shift-Dir - straight line, f/p - iguana
Aim: an iguana (moderately wounded, poisoned, 75% to hit)
The iguana looks even sicker.
The iguana is moderately wounded.
A goblin comes into view. It is wielding a +0 club.
Casting: Sting (safe; 5% risk of failure)
Confirm with . or Enter, or press ? or * to list all spells.
Aiming: Sting (safe; 5% risk of failure)
Press: ? - help, Shift-Dir - straight line, f/p - iguana
Aim: an iguana (moderately wounded, very poisoned, 75% to hit)
The iguana looks even sicker.
The iguana is moderately wounded.
The iguana bites you!
Casting: Sting (safe; 5% risk of failure)
Confirm with . or Enter, or press ? or * to list all spells.
Aiming: Sting (safe; 5% risk of failure)
Press: ? - help, Shift-Dir - straight line, f/p - iguana
Aim: an iguana (moderately wounded, very poisoned, 75% to hit)
The sting misses the iguana.
You hit the iguana.
The iguana is severely wounded.
The iguana bites you.
* * * LOW HITPOINT WARNING * * *
Casting: Sting (safe; 5% risk of failure)
Confirm with . or Enter, or press ? or * to list all spells.
Aiming: Sting (safe; 5% risk of failure)
Press: ? - help, Shift-Dir - straight line, f/p - iguana
Aim: an iguana (severely wounded, very poisoned, 75% to hit)
The sting hits the iguana.
The iguana looks as sick as possible!
The iguana is almost dead.
The iguana bites you!
You die...

... #.# #.# #.# #.# #.#
#.# ####.###########
#.....l@.†.....#
###...g.########.#
#.......##<#####.#
#.......##.##....#
...#.#...##.###.###.###
.........##.# #.# #.#
.###.#.####.# #.# #.#
...#. #.# #.# #.# ..##
#. ... #.# #.#


You could see an iguana (extremely poisoned) and a goblin.

Vanquished Creatures
  2 adders
  A worm (D:4)
  3 orcs (D:3)
  2 endoplasms (D:1)
  3 giant cockroaches
  8 goblins
  2 hobgoblins
  A quokka (D:1)
  7 ball pythons
  5 bats
  2 frilled lizards
  8 kobolds
  2 rats
46 creatures vanquished.

Notes
Turn   | Place    | Note
-------+----------+-------------------------------------------
     0 | D:1      | iguanaiguana the Gargoyle Venom Mage began the quest for
                  | the Orb.
     0 | D:1      | Reached XP level 1. HP: 10/10 MP: 3/3
   552 | D:1      | Found a faded altar of an unknown god.
   562 | D:1      | Reached XP level 2. HP: 15/15 MP: 3/5
   570 | D:1      | Learned a level 2 spell: Poisonous Vapours
  1542 | D:2      | Reached skill level 4 in Poison Magic
  1950 | D:2      | Reached XP level 3. HP: 19/19 MP: 4/6
  2702 | D:3      | Reached XP level 4. HP: 22/24 MP: 1/7
  3247 | D:4      | Noticed a lemure
  3248 | D:4      | Noticed Pikel
  3248 | D:4      | Noticed a lemure
  3248 | D:4      | Noticed a lemure
  3296 | D:4      | Noticed Menkaure
  3517 | D:4      | Slain by an iguana

Illustrated notes

Levels and vault maps discovered:
D:1:      lightli_arrival_maybe_door_vault, layout_loops_corners,
          ebering_ecumenical_altar_box, minmay_tripent
D:2:      layout_loops_cross, minmay_misc_feat_columns,
          dreamdust_princess_corridor, kennysheep_flooded_box, chequers_garden
D:3:      layout_loops_ring, minmay_diced_spiral
D:4:      layout_basic, grunt_temple_overflow_opulence, uniq_robin,
          uniq_blork_the_orc, uniq_menkaure, uniq_pikel

Skill      XL: |  1  2 |
---------------+-------+-----
Poison Magic   | 4 |  4.9
Dodging        | |  1.5
Stealth        | |  2.1
Spellcasting   | |  2.0
Transmutations | |  0.7
Air Magic      | |  0.2

Action                   |  1- 3 |  4- 6 || total
-------------------------+-------+-------++-------
Melee: Unarmed           |     8 |       ||     8
       Lajatang          |     7 |    12 ||    19
 Cast: Sting             |    61 |    18 ||    79
       Poisonous Vapours |     2 |       ||     2
Armor: Robe              |    25 |     9 ||    34
Dodge: Dodged            |    37 |     9 ||    46
